 Dungeon Crawl Stone Soup version 0.28.0-45-g0d030f2227 (webtiles) character file.

Game seed: 6353960687007345213

1546 Peloso the Carver (level 8, -1/70 HPs)
             Began as a Minotaur Fighter on Apr 10, 2022.
             Slain by an ogre
             ... wielding a +0 giant club
              (14 damage)
             ... on level 5 of the Dungeon.
             The game lasted 00:07:23 (3734 turns).

Peloso the Carver (Minotaur Fighter)                Turns: 3734, Time: 00:07:23

Health: -1/70      AC: 10    Str: 22    XL:     8   Next: 57%
Magic:  7/7        EV:  8    Int:  5    God:
Gold:   227        SH:  5    Dex: 11    Spells: 7/7 levels left

rFire   . . .      SeeInvis .   a - +0 long sword
rCold   . . .      Faith    .   c - +0 buckler
rNeg    . . .      Spirit   .   m - +0 chain mail
rPois   .          Reflect  .   (helmet restricted)
rElec   .          Harm     .   (no cloak)
rCorr   +          Rampage  .   (no gloves)
Will    .....                   (no boots)
Stlth   ..........              e - amulet of regeneration
HPRegen 1.01/turn               i - ring of resist corrosion
MPRegen 0.10/turn               t - ring of Shadows {Umbra +Inv Stlth+}

@: wreathed by umbra
A: horns 2, retaliatory headbutt
a: Evoke Invisibility


You were on level 5 of the Dungeon.
You visited 2 branches of the dungeon, and saw 8 of its levels.

You collected 227 gold pieces.

Inventory:

Hand Weapons
 a - a +0 long sword (weapon)
Armour
 b - a +0 scale mail
 c - a +0 buckler (worn)
 m - a +0 chain mail (worn)
Jewellery
 e - an amulet of regeneration (around neck)
 i - a ring of resist corrosion (left hand)
 t - the ring of Shadows (right hand) {Umbra +Inv Stlth+}
   (You found it on level 3 of the Dungeon)

   [ring of stealth]

   It surrounds you with an aura of shadow, increasing your stealth and reducing
   the accuracy of all others within it.
   +Inv:      It lets you turn invisible.
   Stlth:     It makes you more stealthy.
Wands
 r - a wand of digging (7)
 w - a wand of flame (49)
Scrolls
 g - 5 scrolls of identify {unknown}
 j - a scroll of silence {unknown}
 l - 2 scrolls of blinking {unknown}
 o - 2 scrolls of holy word {unknown}
 p - 2 scrolls of magic mapping {unknown}
 v - 2 scrolls of enchant armour {unknown}
 x - a scroll of fear {unknown}
Potions
 d - a potion of might
 f - a potion of flight {unknown}
 k - 2 potions of attraction {unknown}
 n - a potion of berserk rage {unknown}
 q - a potion of degeneration {unknown}
 s - a potion of mutation {unknown}
 u - a potion of haste {unknown}
 z - a potion of heal wounds {unknown}


   Skills:
 + Level 6.3 Fighting
 + Level 8.2 Long Blades
 + Level 8.2 Armour
 + Level 1.4 Dodging
 + Level 0.4 Stealth
 + Level 5.7 Shields


You had 7 spell levels left.
You didn't know any spells.
Your spell library contained the following spells:

 Spells                   Type           Power      Damage    Failure   Level
 Sting                    Tmut/Pois      0%         1d3       99%         1
 Poisonous Vapours        Pois/Air       0%         N/A       100%        2
 Olgreb's Toxic Radiance  Pois           0%         N/A       100%        4


Dungeon Overview and Level Annotations

Branches:
Dungeon (7/15)             Temple (1/1) D:7

Altars:
Ashenzari
Cheibriados
Elyvilon
Fedhas
Gozag
Kikubaaqudgha
Makhleb
Nemelex Xobeh
Qazlal
Ru
Sif Muna
Trog
Uskayaw
Vehumet
Wu Jian
Xom
Yredelemnul
Zin
The Shining One

Shops:
D:2 =

Annotations:
D:3 3 runed translucent doors, balagan2's ghost, amateur DsGl


Innate Abilities, Weirdness & Mutations

You have a pair of horns on your head.
You reflexively headbutt those who attack you in melee.


Message History

An orc comes into view. It is wielding a +0 flail.
The orc shouts!
The gnoll shouts! x2; The killer bee buzzes angrily.
You hear an angry buzzing noise. x2
A gnoll comes into view. It is wielding a +3 spear.
The gnoll shouts!
You hear a shout!
An orc comes into view. It is wielding a +0 club.
You slash the killer bee!
You kill the killer bee!
The necrophage hits you. The gnoll hits you but does no damage.
Unknown command.
As you read the scroll of teleportation, it crumbles to dust.
You feel strangely unstable.
The killer bee buzzes angrily.
The necrophage hits you but does no damage.
The gnoll hits you but does no damage.
Found an escape hatch in the floor.
The gnoll closely misses you. You block the gnoll's attack.
Unknown command.
The orc hits you but does no damage. The gnoll hits you with a +0 halberd!
The killer bee closely misses you. You furiously retaliate!
You headbutt the killer bee!
Unknown command.
You closely miss the killer bee.
The killer bee is heavily wounded.
Your surroundings suddenly seem different.
An ogre comes into view. It is wielding a +0 giant club.
Found a sedimented amethyst potion.
The ogre shouts!
Unknown command.
You hit the ogre. You headbutt the ogre!
The ogre is severely wounded.
The ogre hits you with a +0 giant club!!
* * * LOW HITPOINT WARNING * * *
You completely miss the ogre.
The ogre is severely wounded.
The ogre closely misses you.
You barely miss the ogre.
The ogre is severely wounded.
The ogre hits you with a +0 giant club!
You die...

####### #.O@..#
.....# #.###.#
........# #.# #
.......# .!. #
.......+ +#...#.##
......## ....#>...
........
....'.....###yy.....
.g$........og.yg#
g...#.########on#


You could see an ogre.

Vanquished Creatures
  Sigmund (D:5)
  A steam dragon (D:7)
  A sky beast (D:5)
  2 black bears
  An ice beast (D:7)
  2 scorpions
  A wyvern zombie (D:5)
  A water moccasin skeleton (D:7)
  7 killer bees
  A centaur zombie (D:6)
  A hound (D:4)
  A centaur skeleton (D:4)
  Jessica (D:2)
  3 iguanas
  4 gnolls (D:4)
  7 adders
  A worm (D:3)
  2 dart slugs
  6 orcs
  9 ball pythons
  6 bats
  7 endoplasms
  7 giant cockroaches
  6 goblins
  8 hobgoblins
  4 jackals (D:2)
  3 kobolds (D:3)
  4 quokkas
  5 frilled lizards
  7 rats
110 creatures vanquished.

Vanquished Creatures (others)
  36 plants (D:7)
36 creatures vanquished.

Grand Total: 146 creatures vanquished

Notes
Turn   | Place    | Note
-------+----------+-------------------------------------------
     0 | D:1      | Peloso the Minotaur Fighter began the quest for the Orb.
     0 | D:1      | Reached XP level 1. HP: 19/19 MP: 0/0
   208 | D:1      | Reached XP level 2. HP: 27/27 MP: 1/1
   834 | D:2      | Reached XP level 3. HP: 33/33 MP: 2/2
   853 | D:2      | Found Yxtem's Jewellery Boutique.
  1152 | D:2      | Identified the +0 leather armour of the Slug {Str+3 Slay+2}
  1200 | D:2      | Noticed Jessica
  1206 | D:2      | Killed Jessica
  1266 | D:2      | Reached XP level 4. HP: 40/40 MP: 3/3
  2021 | D:3      | Found a faded altar of an unknown god.
  2032 | D:3      | Reached XP level 5. HP: 47/47 MP: 4/4
  2483 | D:4      | Reached skill level 5 in Armour
  2489 | D:4      | Found an ancient bone altar of Kikubaaqudgha.
  2616 | D:3      | Found the ring of Shadows {Umbra +Inv Stlth+}
  2616 | D:3      | Found a runed translucent gate.
  2616 | D:3      | Found a runed translucent gate.
  2616 | D:3      | Found an opulent altar of Gozag.
  2616 | D:3      | Found a runed translucent gate.
  2617 | D:3      | Noticed a centaur
  2617 | D:3      | Noticed balagan2's ghost (amateur DsGl)
  2754 | D:4      | Reached XP level 6. HP: 50/53 MP: 5/5
  2886 | D:4      | Reached skill level 5 in Long Blades
  2962 | D:4      | You fall into a shaft and drop 3 floors!
  2983 | D:7      | Found a staircase to the Ecumenical Temple.
  2992 | Temple   | Entered the Ecumenical Temple
  3260 | D:7      | Noticed an ice beast
  3272 | D:7      | Killed an ice beast
  3273 | D:7      | Reached skill level 5 in Fighting
  3362 | D:7      | Reached skill level 5 in Shields
  3362 | D:7      | Reached XP level 7. HP: 26/61 MP: 6/6
  3499 | D:7      | Noticed a steam dragon
  3516 | D:7      | Killed a steam dragon
  3517 | D:7      | Reached skill level 1 in Dodging
  3550 | D:6      | Reached XP level 8. HP: 69/69 MP: 7/7
  3599 | D:5      | Entered Level 5 of the Dungeon
  3684 | D:5      | Noticed Sigmund
  3692 | D:5      | Killed Sigmund
  3734 | D:5      | Slain by an ogre

Illustrated notes

Levels and vault maps discovered:
D:1:      dpeg_arrival_round_b, layout_loops_ring
D:2:      layout_basic, serial_shops, shop, uniq_jessica
D:3:      kennysheep_six_static_rooms, layout_loops_cross,
          nicolae_ecumenical_snake_handling, ebering_ghost_gozag,
          wad_rectangle_vault
D:4:      layout_basic, mainiacjoe_overflow_brackets, uniq_blork_the_orc
D:5:      layout_basic, minivault_27, kennysheep_generic_room_4, uniq_sigmund
D:6:      layout_basic, nicolae_overflow_hidden_temple
D:7:      layout_basic, minmay_temple_entry_junction_2, serial_bayou,
          serial_bayou_lake_a, serial_bayou_crossing, serial_bayou_ford_a,
          serial_bayou_pond_c, serial_bayou_pond_a
Temple:   dpeg_five_rooms_temple

Skill      XL: |  1  2  3  4  5  6  7  8 |
---------------+-------------------------+-----
Shields        | 4 5 |  5.7
Fighting       | 4 5 6 |  6.3
Armour         | 4 5 6 7 8 |  8.2
Long Blades    | 3 4 5 7 8 |  8.2
Dodging        | 1 |  1.4
Stealth        | |  0.4

Action                   |  1- 3 |  4- 6 |  7- 9 || total
-------------------------+-------+-------+-------++-------
Melee: Long sword        |    69 |   164 |    95 ||   328
       Headbutt          |     8 |    21 |    12 ||    41
  Use: Potion            |       |     1 |     2 ||     3
       Scroll            |       |       |     2 ||     2
Armor: Scale mail        |    38 |     1 |       ||    39
       Chain mail        |       |    95 |    55 ||   150
Dodge: Dodged            |    36 |    67 |    45 ||   148
Block: Buckler           |    15 |    47 |    21 ||    83
